 Dungeon Sprint DCSS version 0.19-a0-1861-g35def1e (webtiles) character file.

2363 poirepourri the Earth Mage (level 9, -5/45 HPs)
             Began as a Gargoyle Earth Elementalist on Oct 12, 2016.
             Was a Follower of Vehumet.
             Shot with an arrow by a centaur warrior (15 damage)
             ... in the Dungeon (Sprint I: "Red Sonja").
             The game lasted 00:03:40 (1285 turns).

poirepourri the Earth Mage (GrEE)                   Turns: 1285, Time: 00:03:41

Health: -5/45      AC: 12    Str: 12    XL:     9   Next: 44%
Magic:  0/27       EV:  9    Int: 19    God:    Vehumet [*.....]
Gold:   371        SH:  0    Dex: 10    Spells: 5 memorised, 21 levels left

rFire  + . .     SeeInvis .     b - 22 stones
rCold  . . .     Gourm    .     m - +1 scale mail {rF+}
rNeg   + . .     Faith    .     (no shield)
rPois  ∞         Spirit   .     (no helmet)
rElec  +         Dismiss  .     (no cloak)
rCorr  .         Reflect  .     (no gloves)
MR     .....     Harm     .     (no boots)
Stlth  .......... NoTele   +    (no amulet)
                                (no ring)
                                (no ring)

@: no status effects
A: negative energy resistance 1, electricity resistance, unbreathing,
petrification resistance, rot immunity, AC +5
a: Renounce Religion


You were in the Dungeon.
You worshipped Vehumet.
Vehumet was aware of your devotion.
You were not hungry.

You visited 1 branch You collected 621 gold pieces.
You spent 250 gold pieces at shops.

Inventory:

Missiles
 b - 22 stones (in hand)
Armour
 m - a +1 scale mail of fire resistance (worn)
Wands
 a - a wand of teleportation (1/9)
Potions
 e - 2 potions of curing
 g - a potion of haste
 h - a potion of magic
 i - a potion of berserk rage
Books
 k - a book of Geomancy

   Spells                             Type                      Level
   a - Sandblast                      Earth                        1
   b - Passwall                       Transmutation/Earth          2
   c - Stone Arrow                    Conjuration/Earth            3
   d - Petrify                        Transmutation/Earth          4
   e - Lee's Rapid Deconstruction     Earth                        5
Comestibles
 l - a beef jerky


   Skills:
 - Level 0.2 Fighting
 + Level 2.7 Dodging
 - Level 2.1 Stealth
 * Level 14.1 Spellcasting
 + Level 3.5 Conjurations
 + Level 1.5 Transmutations
 + Level 15.1 Earth Magic


You had 21 spell levels left.
You knew the following spells:

 Your Spells              Type           Power        Failure   Level  Hunger
a - Sandblast             Erth           ######       1%          1    None
b - Passwall              Tmut/Erth      #####.....   1%          2    None
c - Stone Arrow           Conj/Erth      #####.       1%          3    None
d - Petrify               Tmut/Erth      #####...     12%         4    None
e - Lee's Rapid Deconstr  Erth           ######....   1%          5    ####...


Dungeon Overview and Level Annotations

Branches:
Dungeon (1/1)

Altars:
Cheibriados
Dithmenos
Elyvilon
Fedhas
Gozag
Hepliaklqana
Kikubaaqudgha
Makhleb
Nemelex Xobeh
Okawaru
Qazlal
Ru
Sif Muna
Trog
Uskayaw
Vehumet
Xom
Yredelemnul
Zin
The Shining One
Jiyva
Lugonu

Shops:
D :[[


Innate Abilities, Weirdness & Mutations

You are resistant to torment.
Your stone body is resilient. (AC +5)
You are immune to poison.
You resist negative energy. (rN+)
You are resistant to electric shocks. (rElec)
You can survive without breathing.
You are immune to petrification.
You are immune to rotting.


Message History

The blast of rock fragments hits the centaur warrior.
The centaur warrior is almost dead.
The blast of rock fragments hits you!
The centaur warrior shoots an arrow.
The arrow hits you but does no damage.
Casting: Lee's Rapid Deconstruction
Confirm with . or Enter, or press ? or * to list all spells.
Aiming: Stone Arrow
Press: ? - help, Shift-Dir - straight line, f - centaur warrior
Aim: a centaur warrior, wielding a longbow (almost dead)
The stone arrow misses the centaur warrior.
The centaur warrior shoots an arrow.
The arrow hits you!!
* * * LOW HITPOINT WARNING * * *
Casting: Stone Arrow
Confirm with . or Enter, or press ? or * to list all spells.
You don't have enough magic to cast that spell.
Unknown command.
The centaur warrior shoots an arrow.
The arrow barely misses you.
You see here 2 arrows.
You feel better.
The centaur warrior shoots an arrow.
The arrow hits you!
You die...

#..#####'#####'#__####
#..####..#...#[####=
#..#__####..##.#§§§§§#
#..#_____##'#..+≈§§§§
#⌠⌠#_.∩...').._#≈≈c§
####_..__##_(.'##)§##
#_____###'#(#(.c.###
############.####(###.##
#∩........'...'@(([.'(∩#
###++++####...##########
##.## #+#


You could see a centaur warrior.

Vanquished Creatures
  A centaur warrior (D)
  Sonja (D)
  A deep troll (D)
  A slime creature (D)
  Sigmund (D)
  A yak (D)
  An ogre (D)
  A jelly (D)
  Ijyb (D)
9 creatures vanquished.

Vanquished Creatures (others)
  A gargoyle (D)
1 creature vanquished.

Grand Total: 10 creatures vanquished

Notes
Turn   | Place    | Note
-------+----------+-------------------------------------------
     0 | D        | poirepourri the Gargoyle Earth Elementalist began the quest for the Orb.
     0 | D        | Reached XP level 1. HP: 10/10 MP: 3/3
     2 | D        | Noticed Ijyb
     9 | D        | Killed Ijyb
     9 | D        | Reached skill level 6 in Earth Magic
     9 | D        | Reached XP level 2. HP: 15/15 MP: 1/7
     9 | D        | Reached XP level 3. HP: 19/19 MP: 1/8
   163 | D        | Learned a level 2 spell: Passwall
   167 | D        | Learned a level 3 spell: Stone Arrow
   172 | D        | Noticed an ogre
   176 | D        | Killed an ogre
   176 | D        | Reached skill level 1 in Transmutations
   176 | D        | Reached skill level 8 in Earth Magic
   176 | D        | Reached XP level 4. HP: 24/24 MP: 4/12
   248 | D        | Noticed Sigmund
   252 | D        | Killed Sigmund
   252 | D        | Reached skill level 10 in Earth Magic
   252 | D        | Reached XP level 5. HP: 24/28 MP: 6/15
   252 | D        | Reached XP level 6. HP: 27/32 MP: 6/17
   318 | D        | Killed a gargoyle
   338 | D        | Found a deep blue altar of Sif Muna.
   340 | D        | Found a radiant altar of Vehumet.
   343 | D        | Reached skill level 11 in Earth Magic
   471 | D        | Became a worshipper of Vehumet
   489 | D        | Found Osaax's Antique Armour Emporium.
   489 | D        | Found an ancient bone altar of Kikubaaqudgha.
   489 | D        | Found a hazy altar of Hepliaklqana.
   489 | D        | Found a stormy altar of Qazlal.
   489 | D        | Found a hide-covered altar of Uskayaw.
   489 | D        | Found a blossoming altar of Fedhas.
   489 | D        | Found a bloodstained altar of Trog.
   489 | D        | Found an iron altar of Okawaru.
   489 | D        | Found a basalt altar of Yredelemnul.
   489 | D        | Found a glowing golden altar of the Shining One.
   489 | D        | Found a snail-covered altar of Cheibriados.
   489 | D        | Found a sacrificial altar of Ru.
   489 | D        | Found a glowing silver altar of Zin.
   489 | D        | Found a shadowy altar of Dithmenos.
   489 | D        | Found a white marble altar of Elyvilon.
   489 | D        | Noticed a yak
   494 | D        | Killed a yak
   494 | D        | Reached XP level 7. HP: 36/36 MP: 8/20
   495 | D        | Found an opulent altar of Gozag.
   496 | D        | Found a sparkling altar of Nemelex Xobeh.
   500 | D        | Bought a glowing scale mail for 250 gold pieces
   618 | D        | Learned a level 4 spell: Petrify
   624 | D        | Learned a level 5 spell: Lee's Rapid Deconstruction
   640 | D        | Found a burning altar of Makhleb.
   640 | D        | Found a shimmering altar of Xom.
   640 | D        | Noticed a slime creature
   649 | D        | Killed a slime creature
   649 | D        | Reached skill level 10 in Spellcasting
   649 | D        | Reached skill level 1 in Conjurations
   649 | D        | Reached skill level 12 in Earth Magic
   813 | D        | Found a viscous altar of Jiyva.
   813 | D        | Found a corrupted altar of Lugonu.
   842 | D        | Noticed Sonja
   847 | D        | Killed Sonja
   847 | D        | Reached * piety under Vehumet
   847 | D        | Offered knowledge of Flame Tongue by Vehumet.
   847 | D        | Reached skill level 13 in Earth Magic
   847 | D        | Reached XP level 8. HP: 36/41 MP: 6/24
   959 | D        | Found Wadghuol's Book Boutique.
   981 | D        | Noticed a deep troll
   989 | D        | Killed a deep troll
   989 | D        | Reached skill level 14 in Earth Magic
   989 | D        | Reached XP level 9. HP: 45/45 MP: 7/26
  1104 | D        | Found Oferenew's Armour Emporium.
  1272 | D        | Noticed a centaur warrior
  1276 | D        | HP: 1/45 [centaur warrior/arrow (12)]
  1278 | D        | Killed a centaur warrior
  1278 | D        | Reached skill level 15 in Earth Magic
  1279 | D        | Noticed a centaur warrior
  1282 | D        | HP: 2/45 [centaur warrior/arrow (19)]
  1285 | D        | Shot with an arrow by a centaur warrior

Vault maps used:
D:        dungeon_sprint_1

Skill      XL: |  1  2  3  4  5  6  7  8  9 |
---------------+----------------------------+-----
Spellcasting   | 4 6 8 9 12 13 14 | 14.1
Earth Magic    | 6 8 10 11 13 14 15 | 15.1
Transmutations | 1 |  1.5
Dodging        | 2 |  2.7
Conjurations   | 2 3 |  3.5
Fighting       | |  0.2
Stealth        | |  2.1

Action                   |  1- 3 |  4- 6 |  7- 9 || total
-------------------------+-------+-------+-------++-------
 Cast: Sandblast         |     8 |     6 |     3 ||    17
       Stone Arrow       |       |     5 |    15 ||    20
       Lee's Rapid Decon |       |       |     5 ||     5
  Use: Potion            |     1 |       |     3 ||     4
       Scroll            |       |       |     3 ||     3
  Eat: Bread ration      |       |       |     1 ||     1
Armor: Robe              |     2 |       |       ||     2
       Scale mail        |       |       |     1 ||     1
Dodge: Dodged            |     2 |     4 |     5 ||    11
